 Dungeon Crawl Stone Soup version 0.29.1-15-g9cfb28693d (webtiles) character file.

Game seed: 13540723391383782990

3955 Kranky the Magician (level 10, -3/79 HPs)
             Began as a Gnoll Wanderer on Apr 1, 2023.
             Was a Believer of Okawaru.
             Slain by a four-headed hydra (8 damage)
             ... on level 8 of the Dungeon.
             The game lasted 00:25:35 (9629 turns).

Kranky the Magician (Gnoll Wanderer)                Turns: 9629, Time: 00:25:35

Health: -3/79      AC: 15    Str: 21    XL:     10   Next: 21%
Magic:  0/21       EV: 10    Int: 13    God:    Okawaru [**....]
Gold:   583        SH:  0    Dex: 14    Spells: 22/23 levels left

rFire   + . .      SeeInvis .   H - +8 quarterstaff of Zin's Envy {venom, Will++ Int+4}
rCold   x . .      Faith    .   (shield currently unavailable)
rNeg    . . .      Spirit   +   p - +0 shadow dragon scales
rPois   .          Reflect  .   (no helmet)
rElec   .          Harm     .   e - +0 cloak
rCorr   .          Rampage  .   (no gloves)
Will    ++...                   (no boots)
Stlth   ++++......              i - amulet of guardian spirit
HPRegen 0.23/turn               o - ring of Makhleb's Outrage {Fire Str+5}
MPRegen 0.17/turn               w - ring of wizardry

@: brilliant
A: fangs 1, strong nose, distributed training
a: Renounce Religion, Heroism


You were on level 8 of the Dungeon.
You worshipped Okawaru.
Okawaru was pleased with you.
You visited 2 branches of the dungeon, and saw 10 of its levels.

You collected 583 gold pieces.

Inventory:

Hand Weapons
 a - a +2 sling
 b - a +2 shortbow of flaming
 q - a +2 whip of holy wrath
 A - a +2 flail of protection
 D - a +6 falchion
 H - the +8 quarterstaff of Zin's Envy (weapon) {venom, Will++ Int+4}
   (You found it on level 7 of the Dungeon)

   It poisons the flesh of those it strikes.
   Int:       It affects your intelligence (+4).
   Will:      It greatly increases your willpower.
 I - a +2 rapier of venom
Missiles
 n - 16 poisoned darts
Armour
 e - a +0 cloak (worn)
 k - a +0 kite shield
 p - +0 shadow dragon scales (worn)
 B - a +0 scale mail of poison resistance
Jewellery
 i - an amulet of guardian spirit (around neck)
 o - the ring of Makhleb's Outrage (left hand) {Fire Str+5}
   (You found it on level 3 of the Dungeon)

   [ring of fire]

   It enhances your fire magic.
   Str:       It affects your strength (+5).
   rF:        It protects you from fire.
   rC:        It makes you vulnerable to cold.
 w - a ring of wizardry (right hand)
 y - an amulet of magic regeneration
Wands
 E - a wand of digging (7)
Scrolls
 c - a scroll of blinking
 f - 2 scrolls of enchant armour {unknown}
 h - a scroll of vulnerability
 l - 5 scrolls of identify
 m - 4 scrolls of teleportation {unknown}
 u - a scroll of fear {unknown}
 x - a scroll of fog {unknown}
 z - a scroll of silence {unknown}
 C - 4 scrolls of amnesia {unknown}
 F - a scroll of magic mapping {unknown}
Potions
 d - 2 potions of lignification
 g - a potion of heal wounds {unknown}
 j - a potion of haste
 r - 2 potions of flight {unknown}
 t - 2 potions of brilliance
 v - 3 potions of attraction {unknown}
 G - 3 potions of invisibility {unknown}


   Skills:
 + Level 7.0 Fighting
 + Level 5.2 Short Blades
 + Level 5.2 Long Blades
 + Level 5.2 Axes
 + Level 5.2 Maces & Flails
 + Level 5.2 Polearms
 + Level 5.2 Staves
 + Level 7.0 Ranged Weapons
 + Level 5.2 Throwing
 + Level 7.0 Armour
 + Level 5.2 Dodging
 + Level 5.2 Stealth
 + Level 5.2 Shields
 + Level 5.2 Unarmed Combat
 + Level 7.3 Spellcasting
 + Level 4.3 Conjurations
 + Level 4.3 Hexes
 + Level 4.3 Summonings
 + Level 4.3 Necromancy
 + Level 4.3 Translocations
 + Level 4.3 Transmutations
 + Level 4.3 Fire Magic
 + Level 4.3 Ice Magic
 + Level 5.8 Air Magic
 + Level 4.3 Earth Magic
 + Level 4.3 Poison Magic
 + Level 5.8 Invocations
 + Level 5.2 Evocations


You had 22 spell levels left.
You knew the following spells:

 Your Spells              Type           Power      Damage    Failure   Level
a - Shock                 Conj/Air       100%       1d9       6%          1

Your spell library contained the following spells:

 Spells                   Type           Power      Damage    Failure   Level
 Blink                    Tloc           48%        N/A       12%         2
 Swiftness                Air            30%        N/A       12%         3
 Mephitic Cloud           Conj/Pois/Air  26%        N/A       19%         3
 Ignite Poison            Fire/Tmut/Pois 36%        N/A       22%         3
 Inner Flame              Hex/Fire       36%        N/A       22%         3
 Lesser Beckoning         Tloc           24%        N/A       22%         3
 Cause Fear               Hex            12%        N/A       56%         4
 Hailstorm                Conj/Ice       24%        3d7       56%         4
 Ice Form                 Ice/Tmut       24%        N/A       56%         4
 Freezing Cloud           Conj/Ice/Air   13%        6-21      83%         5
 Manifold Assault         Tloc           24%        N/A       88%         5
 Discord                  Hex            12%        N/A       100%        8
 Simulacrum               Ice/Necr       Unusable   N/A       N/A         6

Dungeon Overview and Level Annotations

Branches:
Dungeon (9/15)             Temple (1/1) D:7
   Lair: D:8-11         Orc: D:9-12

Altars:
Ashenzari
Cheibriados
Dithmenos
Elyvilon
Fedhas
Gozag
Hepliaklqana
Kikubaaqudgha
Makhleb
Nemelex Xobeh
Okawaru
Qazlal
Ru
Sif Muna
Trog
Vehumet
Wu Jian
Xom
Yredelemnul
Zin
The Shining One

Shops:
D:2 *   D:3 [   D:6 [

Annotations:
D:3 2 transporters, Brigand's ghost, amateur MeEE


Innate Abilities, Weirdness & Mutations

You have very sharp teeth.
Your uncanny sense of smell can sniff out nearby items.
Your experience applies equally to all skills.


Message History

The four-headed hydra bites you.
The four-headed hydra bites you but does no damage.
The four-headed hydra bites you. x2
You sock the four-headed hydra!
The four-headed hydra is heavily wounded.
The four-headed hydra barely misses you.
The four-headed hydra closely misses you.
The four-headed hydra bites you.
The four-headed hydra bites you but does no damage.
You hit the four-headed hydra.
The four-headed hydra is heavily wounded.
The four-headed hydra barely misses you.
The four-headed hydra bites you.
The four-headed hydra bites you but does no damage. x2
You are too injured to fight recklessly!
You are too injured to fight recklessly!
You are too injured to fight recklessly!
You are too injured to fight recklessly!
You bludgeon the four-headed hydra!!
The four-headed hydra is severely wounded.
The four-headed hydra bites you but does no damage.
The four-headed hydra bites you! The four-headed hydra bites you.
The four-headed hydra bites you! x2
* * * LOW HITPOINT WARNING * * *
The four-headed hydra bites you but does no damage. x2
The four-headed hydra bites you!
* * * LOW HITPOINT WARNING * * *
You hit the four-headed hydra.
The four-headed hydra is poisoned.
The four-headed hydra is almost dead.
The four-headed hydra bites you but does no damage.
The four-headed hydra bites you.
* * * LOW HITPOINT WARNING * * *
The four-headed hydra bites you.
* * * LOW HITPOINT WARNING * * *
The four-headed hydra bites you but does no damage.
It was a potion of brilliance.
You feel clever all of a sudden.
The four-headed hydra closely misses you.
The four-headed hydra bites you!
You die...

#.......#.....# ##.###......
####.########## #...........
#.......########## #.......##.#
#.##.#..##.......# #.##.##.#...
........##.......# #.#...#.....
..##.#..##.......# ##...........
..##.#..##.......# ##..#........#
........##.......###>#.##...##...
.......###......@##.##......##...
.......# #.....D.#.###..##.......
###.#### ####)####.# #..#........
#†# #.# #.###........#.. #.#
###.#####.....#...#.##. #.#
#####..........#..##.##.... #.#
#.......##.##...........###
###.###.##..............##.####
#...<.......#.........#.##.#####


You could see a four-headed hydra (very poisoned).

Vanquished Creatures
  A deep elf zephyrmancer (D:7)
  A hornet (D:7)
  Grinder (D:6)
  A wyvern (D:8)
  A yak (D:8)
  A steam dragon (D:7)
  Edmund (D:6)
  An acid dragon (D:9)
  A water moccasin (D:8)
  2 sky beasts
  3 ice beasts
  A black bear (D:5)
  2 ogres
  2 centaurs
  3 kobold brigands
  A bullfrog (D:7)
  2 scorpions
  4 wights (D:7)
  5 killer bees (D:8)
  A gnoll bouda (D:6)
  3 hounds
  2 orc priests (D:6)
  3 jellies
  2 iguanas (D:4)
  4 orc wizards
  Robin (D:2)
  8 gnolls
  10 adders
  A white imp (D:6)
  An ufetubus (D:5)
  A worm (D:4)
  3 dart slugs
  38 orcs
  9 ball pythons
  12 bats
  2 endoplasms
  5 giant cockroaches
  13 goblins
  11 hobgoblins
  25 kobolds
  3 quokkas
  2 frilled lizards
  11 rats
205 creatures vanquished.

Vanquished Creatures (others)
  10 plants (D:1)
10 creatures vanquished.

Grand Total: 215 creatures vanquished

Notes
Turn   | Place    | Note
-------+----------+-------------------------------------------
     0 | D:1      | Kranky the Gnoll Wanderer began the quest for the Orb.
     0 | D:1      | Kranky set off with the following items: a +2 sling, a +0
                  | scale mail, a scroll of blinking; and the following spell
                  | memorised: Shock; and the following spells available to
                  | memorise: Swiftness.
     0 | D:1      | Reached XP level 1. HP: 20/20 MP: 6/6
   161 | D:1      | Reached XP level 2. HP: 26/26 MP: 7/7
   631 | D:1      | Reached skill level 5 in Spellcasting
   631 | D:1      | Reached XP level 3. HP: 31/31 MP: 7/9
   878 | D:1      | Reached skill level 1 in Invocations
   879 | D:1      | Found a faded altar of an unknown god.
  1196 | D:2      | Reached skill level 1 in Short Blades
  1196 | D:2      | Reached skill level 1 in Long Blades
  1196 | D:2      | Reached skill level 1 in Axes
  1196 | D:2      | Reached skill level 1 in Maces & Flails
  1196 | D:2      | Reached skill level 1 in Polearms
  1196 | D:2      | Reached skill level 1 in Staves
  1196 | D:2      | Reached skill level 1 in Throwing
  1196 | D:2      | Reached skill level 1 in Dodging
  1196 | D:2      | Reached skill level 1 in Stealth
  1196 | D:2      | Reached skill level 1 in Shields
  1196 | D:2      | Reached skill level 1 in Unarmed Combat
  1196 | D:2      | Reached skill level 1 in Evocations
  1359 | D:2      | Reached skill level 1 in Conjurations
  1359 | D:2      | Reached skill level 1 in Hexes
  1359 | D:2      | Reached skill level 1 in Summonings
  1359 | D:2      | Reached skill level 1 in Necromancy
  1359 | D:2      | Reached skill level 1 in Translocations
  1359 | D:2      | Reached skill level 1 in Transmutations
  1359 | D:2      | Reached skill level 1 in Fire Magic
  1359 | D:2      | Reached skill level 1 in Ice Magic
  1359 | D:2      | Reached skill level 1 in Earth Magic
  1359 | D:2      | Reached skill level 1 in Poison Magic
  1359 | D:2      | Reached XP level 4. HP: 34/38 MP: 9/11
  1631 | D:2      | Noticed Robin
  1641 | D:2      | Killed Robin
  1642 | D:2      | Reached XP level 5. HP: 38/43 MP: 10/12
  1739 | D:2      | Found Xagacot's Assorted Antiques.
  2077 | D:3      | Identified the ring of Makhleb's Outrage {Fire Str+5}
  2145 | D:3      | Noticed Brigand's ghost (amateur MeEE)
  2150 | D:3      | Found a transporter.
  2229 | D:3      | Found Gunilex's Armour Shoppe.
  2572 | D:3      | Found a transporter.
  2796 | D:4      | Reached XP level 6. HP: 42/50 MP: 11/14
  2942 | D:4      | Reached skill level 5 in Fighting
  2942 | D:4      | Reached skill level 5 in Ranged Weapons
  2942 | D:4      | Reached skill level 5 in Armour
  3458 | D:5      | Entered Level 5 of the Dungeon
  4059 | D:5      | Reached XP level 7. HP: 56/56 MP: 15/15
  4621 | D:6      | Noticed Edmund
  4661 | D:6      | Killed Edmund
  4972 | D:6      | Noticed Grinder
  5011 | D:6      | Reached XP level 8. HP: 49/63 MP: 12/16
  5046 | D:6      | Paralysed by Grinder for 2 turns
  5082 | D:6      | Killed Grinder
  6281 | D:6      | Found Nisu's Armour Emporium.
  6312 | D:6      | Reached skill level 5 in Air Magic
  6497 | D:7      | Reached XP level 9. HP: 33/69 MP: 9/18
  7007 | D:7      | Found a staircase to the Ecumenical Temple.
  7042 | Temple   | Entered the Ecumenical Temple
  7229 | Temple   | Became a worshipper of Warmaster Okawaru
  7365 | D:7      | Noticed a hornet
  7383 | D:7      | Paralysed by a hornet for 3 turns
  7395 | D:7      | Killed a hornet
  7396 | D:7      | Reached skill level 5 in Invocations
  7657 | D:7      | Identified the +8 quarterstaff of Zin's Envy {venom, Will++
                  | Int+4}
  8018 | D:7      | Noticed a deep elf zephyrmancer
  8022 | D:7      | Killed a deep elf zephyrmancer
  8022 | D:7      | Reached * piety under Okawaru
  8874 | D:8      | Found a glowing golden altar of the Shining One.
  8971 | D:8      | Reached skill level 5 in Short Blades
  8971 | D:8      | Reached skill level 5 in Long Blades
  8971 | D:8      | Reached skill level 5 in Axes
  8971 | D:8      | Reached skill level 5 in Maces & Flails
  8971 | D:8      | Reached skill level 5 in Polearms
  8971 | D:8      | Reached skill level 5 in Staves
  8971 | D:8      | Reached skill level 5 in Throwing
  8971 | D:8      | Reached skill level 5 in Dodging
  8971 | D:8      | Reached skill level 5 in Stealth
  8971 | D:8      | Reached skill level 5 in Shields
  8971 | D:8      | Reached skill level 5 in Unarmed Combat
  8971 | D:8      | Reached skill level 5 in Evocations
  8971 | D:8      | Reached XP level 10. HP: 77/77 MP: 20/20
  9218 | D:8      | Reached ** piety under Okawaru
  9436 | D:9      | Noticed a four-headed hydra
  9629 | D:8      | Slain by a four-headed hydra

Illustrated notes

Levels and vault maps discovered:
D:1:      scummos_arrival_simple_fountains, layout_loops_ring,
          hellmonk_ecumenical_altar_pennies_from_heaven, lexackson_kobold_supper
D:2:      layout_basic, serial_shops, shop, chequers_jeans,
          minmay_misc_feat_nine_boxes, uniq_robin
D:3:      layout_loops_ring, gammafunk_ghost_mausoleum, serial_shops, shop
D:4:      layout_basic
D:5:      layout_gridville
D:6:      layout_loops_corners, kennysheep_small_square, uniq_grinder,
          uniq_edmund
D:7:      layout_loops_ring, temple_fountains, guppyfry_early_elven_hall
D:8:      layout_loops_cross, mainiacjoe_overflow_brackets,
          hangedman_decor_clover_reticule
D:9:      layout_cave_pools, erik_lair_dragon, minmay_lizard_king
Temple:   nicolae_temple_bog_church

Skill      XL: |  1  2  3  4  5  6  7  8  9 10 |
---------------+-------------------------------+-----
Spellcasting   | 5 6 7 |  7.3
Invocations    | 1 2 3 4 5 |  5.8
Short Blades   | 1 2 3 4 5 |  5.2
Long Blades    | 1 2 3 4 5 |  5.2
Axes           | 1 2 3 4 5 |  5.2
Maces & Flails | 1 2 3 4 5 |  5.2
Polearms       | 1 2 3 4 5 |  5.2
Staves         | 1 2 3 4 5 |  5.2
Throwing       | 1 2 3 4 5 |  5.2
Dodging        | 1 2 3 4 5 |  5.2
Stealth        | 1 2 3 4 5 |  5.2
Shields        | 1 2 3 4 5 |  5.2
Unarmed Combat | 1 2 3 4 5 |  5.2
Evocations     | 1 2 3 4 5 |  5.2
Conjurations   | 1 2 3 4 |  4.3
Hexes          | 1 2 3 4 |  4.3
Summonings     | 1 2 3 4 |  4.3
Necromancy     | 1 2 3 4 |  4.3
Translocations | 1 2 3 4 |  4.3
Transmutations | 1 2 3 4 |  4.3
Fire Magic     | 1 2 3 4 |  4.3
Ice Magic      | 1 2 3 4 |  4.3
Earth Magic    | 1 2 3 4 |  4.3
Poison Magic   | 1 2 3 4 |  4.3
Air Magic      | 4 5 |  5.8
Fighting       | 5 6 7 |  7.0
Ranged Weapons | 5 6 7 |  7.0
Armour         | 5 6 7 |  7.0

Action                   |  1- 3 |  4- 6 |  7- 9 | 10-12 || total
-------------------------+-------+-------+-------+-------++-------
Melee: Dagger            |       |    11 |   310 |       ||   321
       Bite              |       |     1 |    53 |     7 ||    61
       Falchion          |       |       |    34 |       ||    34
       Whip              |       |       |    32 |       ||    32
       Quarterstaff      |       |       |    26 |    54 ||    80
 Fire: Sling             |   130 |   255 |    71 |       ||   456
Throw: Throwing net      |       |       |     1 |       ||     1
 Cast: Shock             |       |       |     1 |       ||     1
  Use: Scroll            |       |     3 |       |       ||     3
       Potion            |       |       |       |     1 ||     1
 Stab: Sleeping          |       |       |     7 |     2 ||     9
Armor: Scale mail        |    56 |    53 |       |       ||   109
       Shadow dragon sca |       |    71 |   227 |    36 ||   334
Dodge: Dodged            |    45 |   101 |   112 |    25 ||   283
Block: Kite shield       |       |    52 |   177 |       ||   229
